 Dungeon Crawl Stone Soup version 0.28.0-45-g0d030f2227 (webtiles) character file.

Game seed: 2972485152154113382

3675 protoss039 the Skirmisher (level 9, -1/108 HPs)
             Began as a Demonspawn Conjurer on May 13, 2022.
             Was a Believer of Vehumet.
             Slain by a cyclops (15 damage)
             ... on level 8 of the Dungeon.
             The game lasted 00:27:53 (12548 turns).

protoss039 the Skirmisher (Demonspawn Conjurer)    Turns: 12548, Time: 00:27:55

Health: -1/108     AC: 24    Str:  7    XL:     9   Next: 89%
Magic:  2/19       EV:  2    Int: 24    God:    Vehumet [**....]
Gold:   360        SH:  5    Dex: 16    Spells: 8/22 levels left

rFire   + . .      SeeInvis .   a - +2 dagger (elec)
rCold   x . .      Faith    .   r - +0 buckler
rNeg    . . .      Spirit   .   (armour currently unavailable)
rPois   +          Reflect  .   (helmet currently unavailable)
rElec   .          Harm     .   (cloak currently unavailable)
rCorr   .          Rampage  .   (gloves currently unavailable)
Will    .....      NoTele   +   (boots currently unavailable)
Stlth   ++++......              (no amulet)
HPRegen 0.28/turn               j - ring of fire
MPRegen 0.16/turn               (no ring)

@: mighty, brilliant, tree-form (expiring)
A: stationary, stasis, torment immunity, boosted hp, thin skeletal structure 2,
foul stench 2
a: Renounce Religion


You were on level 8 of the Dungeon.
You worshipped Vehumet.
Vehumet was pleased with you.
You were a tree.
You visited 2 branches of the dungeon, and saw 9 of its levels.
You also visited: Ossuary.

You collected 360 gold pieces.

Inventory:

Hand Weapons
 a - a +2 dagger of electrocution (weapon)
 e - a +4 quarterstaff of chaos
 n - a +0 hand axe
Missiles
 m - 5 silver boomerangs (quivered)
Armour
 g - a +0 cloak (melded)
 i - a +0 robe of willpower
 o - a +0 pair of gloves (melded)
 r - a +0 buckler (worn)
 s - the +1 plate armour of Coph {rPois}
   (You found it on level 5 of the Dungeon)

   rPois:     It protects you from poison.
 y - +0 steam dragon scales (melded)
Jewellery
 j - a ring of fire (left branch)
Scrolls
 b - a scroll of holy word {unknown}
 c - a scroll of torment
 f - 2 scrolls of immolation
 k - 2 scrolls of amnesia
 l - a scroll of fog {unknown}
 q - a scroll of acquirement {unknown}
 t - 3 scrolls of teleportation
 u - a scroll of summoning {unknown}
 v - a scroll of blinking
 w - a scroll of identify
 x - 2 scrolls of brand weapon
Potions
 d - 3 potions of flight
 h - 3 potions of brilliance
 p - a potion of degeneration {unknown}
 A - a potion of might
 B - a potion of lignification


   Skills:
 * Level 7.2 Fighting
 + Level 4.0 Armour
 - Level 1.7 Dodging
 - Level 3.0 Stealth
 * Level 4.9 Shields
 * Level 7.1 Spellcasting
 + Level 6.9 Conjurations


You had 8 spell levels left.
You knew the following spells:

 Your Spells              Type           Power      Damage    Failure   Level
a - Magic Dart            Conj           100%       1d8       1%          1
b - Searing Ray           Conj           100%       2d8       1%          2
c - Mephitic Cloud        Conj/Pois/Air  29%        N/A       11%         3
d - Fulminant Prism       Conj/Hex       19%        3d11      22%         4
e - Iskenderun's Mystic   Conj/Tloc      38%        2d9       22%         4

Your spell library contained the following spells:

 Spells                   Type           Power      Damage    Failure   Level
 Static Discharge         Conj/Air       38%        N/A       3%          2
 Dazzling Flash           Conj/Hex       76%        N/A       6%          3
 Animate Skeleton         Necr           24%        N/A       9%          1
 Pain                     Necr           48%        1d6       9%          1
 Sting                    Tmut/Pois      48%        1d5       9%          1
 Call Imp                 Summ           12%        N/A       14%         2
 Poisonous Vapours        Pois/Air       24%        N/A       14%         2
 Vampiric Draining        Necr           12%        2d6       26%         3
 Olgreb's Toxic Radiance  Pois           12%        N/A       65%         4


Dungeon Overview and Level Annotations

Branches:
Dungeon (8/15)             Temple (1/1) D:6         Ossuary (visited)
   Lair: D:8-11

Altars:
Cheibriados
Dithmenos
Elyvilon
Fedhas
Hepliaklqana
Kikubaaqudgha
Nemelex Xobeh
Qazlal
Sif Muna
Uskayaw
Vehumet
Wu Jian
Xom
Zin
The Shining One

Shops:
D:6 *

Annotations:
D:6 Grinder


Innate Abilities, Weirdness & Mutations

You are a tree.
Your roots penetrate the ground, keeping you stationary.
You cannot be teleported.
You are immune to unholy pain and torment.
Your maximum health is greatly increased.
Your equipment is partially melded.
You have a moderately thin skeletal structure. (Dex +4, Stealth++)
You sometimes emit foul miasma when damaged in melee.


Message History

You kill the gnoll!
Vehumet accepts your kill.
Unknown command.
Unknown command.
Unknown command.
Unknown command.
Casting: Fulminant Prism (dangerous; 22% risk of failure)
Confirm with . or Enter, or press ? or * to list all spells.
Aiming: Magic Dart (safe; 1% risk of failure)
Press: ? - help, Shift-Dir - straight line You feel a surge of power!
The magic dart hits the gnoll shaman.
You kill the gnoll shaman!
Vehumet accepts your kill.
Unknown command.
Unknown command.
Okay, then.
Okay, then.
You cannot teleport because you are held in place by your roots.
Okay, then.
Okay, then.
It was a potion of might.
You feel very mighty all of a sudden.
Okay, then.
Okay, then.
Okay, then.
Okay, then.
You can't wield that with only one hand.
Unknown command.
Unknown command.
Unknown command.
Unknown command.
Unknown command.
An orc comes into view. It is wielding a +2 vampiric whip.
Unknown command.
Unknown command.
The orc shouts!
You puncture the cyclops!
The cyclops is moderately wounded.
The cyclops hits you!
You die... #.##..)..............###...# #.##......####..H###.# ...# #.##.#...## #.....#### ...# #.##.##.## ##...## ho#

#.##.##.#
##.## ..
.....# #.#
. # #.# #.#
#. ##+##
#..♣#
#..))Co).#
#......)###
#.........#
+.........+
#.........#
##...$...##
##.....##


You could see a cyclops and an orc.

Vanquished Creatures
  A hornet (D:7)
  Prince Ribbit (D:7)
  2 steam dragons
  2 wargs (D:8)
  Menkaure (D:6)
  Duvessa (D:6)
  A water moccasin (D:6)
  3 orc warriors
  A hornet zombie (D:5)
  2 ogres
  A necrophage (D:4)
  A centaur (D:7)
  2 bullfrogs
  A kobold brigand (D:7)
  A wyvern zombie (D:6)
  A water moccasin zombie (D:6)
  2 scorpions
  Dowan (D:6)
  A bullfrog zombie (D:5)
  A human zombie (Ossuary)
  3 centaur zombies (Ossuary)
  4 hounds
  2 jellies
  3 orc priests
  2 gnoll shamans (D:8)
  Crazy Yiuf (D:6)
  7 orc wizards
  3 iguanas
  A killer bee zombie (D:7)
  2 ogre zombies (Ossuary)
  A hound zombie (D:5)
  7 mummies (Ossuary)
  2 howler monkey skeletons
  12 gnolls
  6 adders
  A shadow imp (D:6)
  2 white imps (D:7)
  An ufetubus (D:4)
  An adder zombie (Ossuary)
  A worm (D:3)
  A dart slug (D:2)
  16 orcs
  10 ball pythons
  8 endoplasms
  6 giant cockroaches
  5 goblins
  6 hobgoblins
  7 jackals
  12 kobolds
  9 quokkas
  4 bats
  3 frilled lizards (D:1)
  5 goblin zombies (Ossuary)
  2 hobgoblin zombies (Ossuary)
  3 kobold zombies (Ossuary)
  An orc zombie (Ossuary)
  7 quokka zombies (Ossuary)
  9 rats
  5 rat zombies (Ossuary)
208 creatures vanquished.

Vanquished Creatures (others)
  8 fulminant prisms
  40 plants (D:2)
48 creatures vanquished.

Grand Total: 256 creatures vanquished

Notes
Turn   | Place    | Note
-------+----------+-------------------------------------------
     0 | D:1      | protoss039 the Demonspawn Conjurer began the quest for the
                  | Orb.
     0 | D:1      | Reached XP level 1. HP: 13/13 MP: 3/3
   249 | D:1      | Gained mutation: You may rarely emit foul miasma when
                  | damaged in melee. [demonic ancestry]
   249 | D:1      | Reached XP level 2. HP: 19/19 MP: 3/5
   287 | D:1      | You fall into a shaft and drop 1 floor!
   670 | D:1      | Learned a level 2 spell: Searing Ray
   814 | D:1      | Reached skill level 1 in Fighting
  1117 | D:1      | Reached XP level 3. HP: 26/26 MP: 3/6
  1560 | D:2      | Found a shimmering blue altar of Sif Muna.
  1870 | D:2      | Found an ornate altar of the Wu Jian Council.
  2238 | D:2      | Gained mutation: You have a somewhat thin skeletal
                  | structure. (Dex +2, Stealth+) [demonic ancestry]
  2238 | D:2      | Reached XP level 4. HP: 16/33 MP: 4/8
  3160 | D:3      | Found a faded altar of an unknown god.
  3766 | D:3      | Gained mutation: You sometimes emit foul miasma when
                  | damaged in melee. [demonic ancestry]
  3766 | D:3      | Reached XP level 5. HP: 39/39 MP: 7/9
  3789 | D:3      | Reached skill level 5 in Conjurations
  4449 | D:4      | Noticed an ogre
  4454 | D:4      | Killed an ogre
  4455 | D:4      | Reached XP level 6. HP: 27/47 MP: 4/11
  5000 | D:4      | Reached skill level 1 in Armour
  5187 | D:4      | Learned a level 3 spell: Mephitic Cloud
  5669 | D:4      | Reached XP level 7. HP: 53/53 MP: 7/13
  5905 | D:5      | Entered Level 5 of the Dungeon
  7451 | D:5      | Identified the +1 plate armour of Coph {rPois}
  7576 | D:6      | Found a staircase to the Ecumenical Temple.
  7592 | Temple   | Entered the Ecumenical Temple
  7831 | Temple   | Became a worshipper of Vehumet
  8117 | D:6      | Reached skill level 1 in Shields
  8117 | D:6      | Reached skill level 5 in Spellcasting
  8323 | D:6      | Reached XP level 8. HP: 46/61 MP: 5/15
  8612 | D:6      | Noticed Dowan
  8617 | D:6      | Noticed Duvessa
  8634 | D:6      | Reached skill level 5 in Fighting
  8638 | D:6      | Killed Duvessa
  8658 | D:6      | HP: 2/62 [Dowan/stone arrow (21)]
  8661 | D:6      | Killed Dowan
  9127 | D:6      | Noticed Menkaure
  9131 | D:6      | Killed Menkaure
  9314 | D:6      | Found Cely's Lightly-Used Armoury.
  9459 | D:6      | Noticed Grinder
  9485 | D:6      | HP: 4/96 [poisoned by a water moccasin]
  9903 | D:6      | Found a runed translucent door.
  9904 | D:6      | Noticed Crazy Yiuf
 10075 | D:6      | Killed Crazy Yiuf
 10285 | D:7      | Noticed Prince Ribbit
 10294 | D:7      | Killed Prince Ribbit
 10295 | D:7      | Gained mutation: You have a moderately thin skeletal
                  | structure. (Dex +4, Stealth++) [demonic ancestry]
 10295 | D:7      | Reached XP level 9. HP: 69/69 MP: 9/18
 10557 | D:7      | Found a sand-covered staircase.
 10572 | Ossuary  | Entered an ossuary
 10613 | Ossuary  | Learned a level 4 spell: Fulminant Prism
 10618 | Ossuary  | Learned a level 4 spell: Iskenderun's Mystic Blast
 10834 | Ossuary  | Reached * piety under Vehumet
 10834 | Ossuary  | Offered knowledge of Sandblast by Vehumet.
 11790 | D:7      | Paralysed by a hornet for 3 turns
 12470 | D:8      | Noticed a manticore
 12496 | D:8      | Reached ** piety under Vehumet
 12496 | D:8      | Offered knowledge of Static Discharge by Vehumet.
 12541 | D:8      | Noticed a cyclops
 12548 | D:8      | Slain by a cyclops

Illustrated notes

Levels and vault maps discovered:
D:1:      dpeg_arrival_arbitrary_a, layout_rooms,
          hangedman_abyss_or_decor_lesser_grid
D:2:      wad_woods_stonehenge, layout_basic, basic_altar
D:3:      layout_basic, hellmonk_ecumenical_altar_inner_sanctum, minmay_ruptured
D:4:      layout_cave_pods, minmay_bisected
D:5:      layout_loops_corners, roderic_lattice_a, due_unseen_surprise
D:6:      layout_basic, minmay_temple_entry_mini_moons, minmay_shop_damaged,
          uniq_crazy_yiuf_cottage, uniq_duvessa, uniq_menkaure, uniq_grinder
D:7:      layout_loops_corners, enter_ossuary_2, st_stairs_3,
          uniq_prince_ribbit1
D:8:      layout_loops_corners, okawaru_humans, erik_lair_orcish_takeover,
          enter_bailey_2
Temple:   dpeg_chambers_temple

Skill      XL: |  1  2  3  4  5  6  7  8  9 |
---------------+----------------------------+-----
Fighting       | 1 2 3 4 6 7 |  7.2
Spellcasting   | 3 4 5 6 7 |  7.1
Conjurations   | 5 6 |  6.9
Armour         | 1 2 3 4 |  4.0
Stealth        | 2 3 |  3.0
Shields        | 1 3 4 |  4.9
Dodging        | |  1.7

Action                   |  1- 3 |  4- 6 |  7- 9 || total
-------------------------+-------+-------+-------++-------
Melee: Dagger            |     5 |       |    97 ||   102
       Short sword       |    80 |    35 |    60 ||   175
       Punch             |       |       |     1 ||     1
       Hand axe          |       |       |     7 ||     7
Throw: Boomerang         |       |     2 |       ||     2
 Cast: Magic Dart        |    70 |    84 |    62 ||   216
       Searing Ray       |     3 |    15 |    45 ||    63
       Mephitic Cloud    |       |       |     7 ||     7
       Fulminant Prism   |       |       |     8 ||     8
  Use: Scroll            |     3 |     3 |     7 ||    13
       Potion            |       |       |     8 ||     8
 Stab: Sleeping          |     1 |       |    14 ||    15
       Confused          |       |       |     1 ||     1
Armor: Robe              |    22 |     9 |    25 ||    56
       Ring mail         |       |       |    34 ||    34
       Skin              |       |       |    36 ||    36
       Steam dragon scal |       |       |    20 ||    20
Dodge: Dodged            |    75 |    40 |   107 ||   222
Block: Buckler           |       |       |    43 ||    43
